[Event "Early-Titled-Tuesday-Blitz-February-20-2024"]
[Site "Chess.com"]
[Date "2024.02.20"]
[Round "1"]
[White "ural58"]
[Black "vugarrasulov"]
[Result "1/2-1/2"]
[WhiteElo "2518"]
[BlackElo "2924"]
[TimeControl "180+1"]
[EndTime "8:06:54 PST"]
[Termination "Game drawn by repetition"]

1. e4 e5 2. f4 d5 3. exd5 exf4 4. Nf3 Nf6 5. Bb5+ Bd7 6. Bxd7+ Nbxd7 7. O-O Nxd5 8. c4 N5f6 9. d4 Be7 10. Bxf4 O-O 11. Nc3 c6 12. Qd2 Bb4 13. Rae1 Qa5 14. a3 Bxc3 15. Qxc3 Qxc3 16. bxc3 Rfe8 17. Rb1 b6 18. a4 Ne4 19. Rfc1 f6 20. a5 Rac8 21. Rb3 g5 22. Bg3 h5 23. Be1 Nd6 24. axb6 axb6 25. Rb4 Ra8 26. Bg3 Ne4 27. Bc7 Ra6 28. d5 c5 29. Rb2 Rc8 30. d6 Ra4 31. Re1 Rxc4 32. Nd2 Nxd2 33. Rxd2 Rf8 34. Re7 Rf7 35. Rde2 Nf8 36.
Rxf7 Kxf7 37. Re7+ Kg6 38. Re8 Kf7 39. Re7+ Kg6 40.
Re8 Nd7 41. Re7 Nf8 1/2-1/2

[Event "Early-Titled-Tuesday-Blitz-February-20-2024"]
[Site "Chess.com"]
[Date "2024.02.20"]
[Round "1"]
[White "arnash_bauyrzhan"]
[Black "Boundless_Strike"]
[Result "0-1"]
[WhiteElo "2255"]
[BlackElo "2613"]
[TimeControl "180+1"]
[EndTime "8:06:54 PST"]
[Termination "Boundless_Strike won on time"]

1. e4 d5 2. exd5 Qxd5 3. Nc3 Qa5 4. d4 e5 5. dxe5 Bb4 6. Bd2 Nc6 7. Bb5 Bd7 8. Bxc6 Bxc6 9. Nf3 O-O-O 10. Qe2 Ne7 11. a3 Ng6 12. O-O Bxc3 13. Bxc3 Qc5 14. Rad1 Nf4 15.
Qe3 Qxe3 16. fxe3 Ne2+ 17. Kf2 Nxc3 18. bxc3 h6 19. c4 Be4 20. c3 Rhe8 21. Rd4 Bxf3 22. gxf3 Rxe5 23. Rxd8+ Kxd8 24. Rd1+ Ke7 25. Rd4 Ra5 26.
Re4+ Kd7 27. Rf4 f6 28. Rd4+ Kc6 29. Ke2 Rxa3 30. Kd3 Ra2 31. h4 a5 32. e4 a4 33.
f4 Ra1 34. e5 fxe5 35. fxe5 Re1 0-1

[Event "Early-Titled-Tuesday-Blitz-February-20-2024"]
[Site "Chess.com"]
[Date "2024.02.20"]
[Round "1"]
[White "Mr_November18"]
[Black "OneTrickPony_82"]
[Result "0-1"]
[WhiteElo "2103"]
[BlackElo "2557"]
[TimeControl "180+1"]
[EndTime "8:06:54 PST"]
[Termination "OneTrickPony_82 won by resignation"]

1. e4 e5 2. Nf3 Nc6 3. d4 exd4 4. Bc4 Nf6 5. e5 d5 6. Bb5 Nd7 7. Bxc6 bxc6 8. O-O Be7 9. e6 fxe6 10. Re1 e5 11. Nxe5 Nxe5 12. Rxe5 O-O 13. Qh5 Bd6 14. Re1 Qf6 15. f3 Bf5 16. c3 Bg6 17. Qh3 Rae8 18. Rf1 Bc5 19. Kh1 Bd3 20. Rd1 Qe5 21. Bd2 Qe2 22. Na3 Bxa3 23. bxa3 Bc2 24. Rg1 Qxd2 25. cxd4 Qxd4 26. Qd7 Qe5 27. Qxc6 Bg6 28. h3 Qd6 29. Qb7 d4 30. Qxa7 d3 31. Rad1 h6 32. Qa4 Kh7 33. Qc4 c5 34. a4 Rd8 35. a5 Qd4 36.
Qb5 c4 37. a6 c3 0-1

[Event "Early-Titled-Tuesday-Blitz-February-20-2024"]
[Site "Chess.com"]
[Date "2024.02.20"]
[Round "1"]
[White "akanga001"]
[Black "tgpgoat"]
[Result "0-1"]
[WhiteElo "2014"]
[BlackElo "2551"]
[TimeControl "180+1"]
[EndTime "8:06:55 PST"]
[Termination "tgpgoat won by checkmate"]

1. d4 Nf6 2. c4 c5 3. d5 b5 4.
cxb5 a6 5. b6 a5 6. Nc3 Ba6 7.
e4 Bxf1 8. Kxf1 d6 9. Nge2 Qxb6 10. Ng3 g6 11. Qe2 Nbd7 12. h4 h5 13. Bg5 Bg7 14. Qd2 O-O 15. Bh6 Rfb8 16. Bxg7 Kxg7 17. Rb1 Ne5 18.
Qg5 c4 19. Nf5+ Kf8 20. Qh6+ Ke8 21. Ne3 Neg4 22. Nxg4 Nxg4 23. Qf4 Qd4 24. Rd1 Qc5 25. Rh3 Rxb2 26. Ne2 Rxa2 27. Rf3 f6 28. Nd4 Rb8 29.
Ne6 Qa7 30. Kg1 Rbb2 31. Rf1 Rb3 32. Rxb3 cxb3 33. Ng7+ Kf7 34. Ne6 b2 35. Nd8+ Ke8 36.
Nc6 Qb7 37. f3 b1=Q 38. fxg4 Q1b2 39. Qf3 Qe2 40. Qg3 Qb6+ 41. Kh2 Qbe3 42. Qxe3 Qxg2# 0-1

[Event "Early-Titled-Tuesday-Blitz-February-20-2024"]
[Site "Chess.com"]
[Date "2024.02.20"]
[Round "1"]
[White "GMAkobianSTL"]
[Black "N_Mullodzhanov"]
[Result "0-1"]
[WhiteElo "2812"]
[BlackElo "2479"]
[TimeControl "180+1"]
[EndTime "8:06:56 PST"]
[Termination "N_Mullodzhanov won by resignation"]

1. d4 Nf6 2. c4 g6 3. Nc3 Bg7 4. Bg5 d6 5. e3 O-O 6. Nf3 c5 7. d5 h6 8. Bh4 g5 9. Bg3 Nh5 10. Bd3 Nxg3 11. hxg3 Bg4 12. Qc2 Bxf3 13. gxf3 Nd7 14.
f4 e5 15. fxg5 Qxg5 16. Ne4 Qe7 17. g4 Nf6 18. f3 Nxe4 19. Bxe4 a6 20. Ke2 b5 21. b3 bxc4 22. Qxc4 Rfb8 23. a3 Qd7 24.
Bd3 e4 25. Bxe4 Bxa1 26. Rxa1 Qb5 27. Bc2 Qxc4+ 28. bxc4 Rb2 29. Kd3 Rab8 30. Kc3 Kf8 31. e4 Ke7 32. f4 f6 33. Kd3 a5 34. Kc3 R2b6 35. Ba4 Rb2 36. Bb5 Rf2 37. Rh1 Rxf4 38. Rxh6 Rxe4 39. Rh8 Rxh8 0-1

[Event "Early-Titled-Tuesday-Blitz-February-20-2024"]
[Site "Chess.com"]
[Date "2024.02.20"]
[Round "1"]
[White "emeli_chess"]
[Black "Nikolakis2014"]
[Result "0-1"]
[WhiteElo "2404"]
[BlackElo "2741"]
[TimeControl "180+1"]
[EndTime "8:06:56 PST"]
[Termination "Nikolakis2014 won by resignation"]

1. d4 Nf6 2. c4 e6 3. Nc3 d5 4.
cxd5 exd5 5. Bg5 Be7 6. e3 c6 7. Bd3 h6 8. Bh4 O-O 9. Qc2 Re8 10. Nge2 a5 11. O-O b5 12. Rae1 Nbd7 13. f3 Nb6 14. e4 dxe4 15. fxe4 Ng4 16. Bxe7 Rxe7 17. Qd2 Nc4 18. Bxc4 bxc4 19. h3 Ne5 20. Qe3 Nd3 21.
e5 Nxe1 22. Rxe1 Bf5 23. Ng3 Bg6 24. Nge4 Rb8 25. Re2 Qb6 26. Nd6 Rd8 27. Qf2 Bd3 28. Rd2 Qb8 29. Na4 Rxd6 30. exd6 Qxd6 31. Nc5 Bg6 32. Rd1 Kh7 33. Qd2 Qd5 34. Qxa5 Re2 0-1

[Event "Early-Titled-Tuesday-Blitz-February-20-2024"]
[Site "Chess.com"]
[Date "2024.02.20"]
[Round "1"]
[White "marcodobrikov"]
[Black "ZuraTqebuchava"]
[Result "1-0"]
[WhiteElo "2614"]
[BlackElo "2259"]
[TimeControl "180+1"]
[EndTime "8:06:56 PST"]
[Termination "marcodobrikov won on time"]

1. d4 g6 2. e4 Bg7 3. h4 h5 4.
Nh3 c6 5. Ng5 d6 6. Be3 Bg4 7.
f3 Bc8 8. c3 Nf6 9. Qb3 e6 10.
e5 Nd5 11. Bf2 dxe5 12. dxe5 Bxe5 13. Nd2 a5 14. Nde4 a4 15. Qc2 a3 16. b3 f5 17. Bd4 Bxd4 18. cxd4 fxe4 19. Qxe4 Qa5+ 20.
Kf2 Ne7 21. Bc4 Qf5 22. Qe3 Nd5 23. Bxd5 cxd5 24. Rac1 Nc6 25. Rhe1 O-O 26. Kg1 Qf4 27.
Qd3 Qxd4+ 28. Qxd4 Nxd4 29. Rc7 Rd8 30. Rd1 Nb5 31. Re7 Bd7 32. g4 hxg4 33. fxg4 Rac8 34.
h5 gxh5 35. gxh5 Rc7 36. h6 Bc8 37. h7+ Kh8 38. Rxc7 Nxc7 39. Nf7+ Kxh7 40. Nxd8 Kg6 41. Rc1 1-0

[Event "Early-Titled-Tuesday-Blitz-February-20-2024"]
[Site "Chess.com"]
[Date "2024.02.20"]
[Round "1"]
[White "Karttunen"]
[Black "erugee"]
[Result "1-0"]
[WhiteElo "2667"]
[BlackElo "2326"]
[TimeControl "180+1"]
[EndTime "8:06:57 PST"]
[Termination "Karttunen won on time"]

1. e4 e5 2. Nf3 Nc6 3. Bb5 f5 4. d3 fxe4 5. dxe4 Nf6 6. O-O Bc5 7. Bc4 d6 8. h3 Qe7 9. Nc3 Be6 10. Nd5 Bxd5 11.
exd5 Nd8 12. Nh4 O-O 13. Bg5 Nf7 14. Nf5 Qd7 15. Bxf6 Qxf5 16. Be7 Rfe8 17. Bh4 Qe4 18. Qg4 Qxg4 19. hxg4 g5 20. Bg3 Kg7 21. Kh2 Nh8 22. Bd3 Rf8 23. Bf5 Ng6 24. f3 Ne7 25. Be4 h5 26. Be1 hxg4 27. Bd2 Rf4 28. Kg3 gxf3 29. gxf3 Raf8 30. Bxf4 exf4+ 31. Kg4 Rh8 32. Rh1 Bf2 33.
Rxh8 Kxh8 34. Kxg5 Kg7 35. Kxf4 Bd4 36. c3 Be5+ 37.
Ke3 Kg8 38. f4 Bf6 39. Rg1+ 1-0

[Event "Early-Titled-Tuesday-Blitz-February-20-2024"]
[Site "Chess.com"]
[Date "2024.02.20"]
[Round "1"]
[White "marsofsilva"]
[Black "Lion-Al-Messi"]
[Result "1-0"]
[WhiteElo "2164"]
[BlackElo "2552"]
[TimeControl "180+1"]
[EndTime "8:06:59 PST"]
[Termination "marsofsilva won by resignation"]

1. d4 Nf6 2. c4 b6 3. Nc3 Bb7 4. Qc2 d5 5. cxd5 Nxd5 6. e4 Nxc3 7. bxc3 e6 8. Nf3 Be7 9. Bb5+ c6 10. Bd3 c5 11. O-O O-O 12. Be3 Nd7 13. Rad1 cxd4 14. cxd4 Rc8 15. Qb1 h6 16. d5 exd5 17. exd5 Bd6 18.
Bf5 Rc7 19. Nd4 Qh4 20. g3 Qe7 21. Nb5 Rc4 22. Nxd6 Qxd6 23. Bf4 Ne5 24. Qb3 Rc5 25.
Rfe1 Re8 26. Qa4 Re7 27. Bxe5 Qd8 28. Qg4 Qf8 29. Bd6 Rcc7 30. Bxe7 Rxe7 31. Rxe7 Qxe7 32. d6 Qd8 33. Be4 Ba6 34. Kg2 Bc4 35. d7 Be6 36. Bf5 Bxa2 37. Qe4 Kf8 38. Re1 Be6 39. Bxe6 fxe6 40.
Qxe6 1-0

[Event "Early-Titled-Tuesday-Blitz-February-20-2024"]
[Site "Chess.com"]
[Date "2024.02.20"]
[Round "1"]
[White "KononenkoD"]
[Black "AnishOnYoutube"]
[Result "0-1"]
[WhiteElo "2523"]
[BlackElo "3009"]
[TimeControl "180+1"]
[EndTime "8:07:00 PST"]
[Termination "AnishOnYoutube won by resignation"]

1. d4 Nf6 2. c4 g6 3. Nc3 Bg7 4. g3 O-O 5. Bg2 d6 6. Nf3 Nbd7 7. O-O e5 8. e4 exd4 9. Nxd4 Nc5 10. Re1 Re8 11. h3 h6 12. Kh2 Bd7 13. Qc2 h5 14. Be3 a5 15. Rad1 a4 16. f4 Qc8 17. Bf2 Ra5 18. Ndb5 Bxb5 19. Nxb5 Ne6 20. e5 dxe5 21.
Rxe5 b6 22. Re2 h4 23. f5 Ng5 24. Rxe8+ Qxe8 25. Nxc7 Qe5 26. Nd5 Nfe4 27. Qd3 Nxf2 28. Qa3 hxg3+ 29. Kg1 Nxd1 30. Ne7+ Kh7 31. fxg6+ fxg6 32. Qd3 Qe1+ 33. Bf1 Qf2+ 0-1

[Event "Early-Titled-Tuesday-Blitz-February-20-2024"]
[Site "Chess.com"]
[Date "2024.02.20"]
[Round "1"]
[White "santosalberto1987"]
[Black "regenda"]
[Result "1-0"]
[WhiteElo "2598"]
[BlackElo "2216"]
[TimeControl "180+1"]
[EndTime "8:07:00 PST"]
[Termination "santosalberto1987 won by resignation"]

1. e4 c5 2. Nf3 e6 3. g3 Nc6 4. Bg2 Nf6 5. Qe2 Qc7 6. O-O d6 7. c3 Be7 8. d4 O-O 9. Bg5 Bd7 10. Nbd2 cxd4 11. cxd4 Rac8 12. Rac1 Qd8 13. e5 dxe5 14. dxe5 Nd5 15. Bxe7 Qxe7 16. Ne4 Rc7 17. a3 a6 18. b4 Bc8 19. h4 h6 20. Rfd1 Rd8 21. Rd2 Nb6 22. Rd6 Nxe5 23. Rxc7 Nxf3+ 24. Qxf3 Qxc7 25. Rxd8+ Qxd8 26. Nc5 Nd5 27. Qd3 b6 28. Nxa6 Bxa6 29. Qxa6 Nf6 30. Qa8 Qxa8 31. Bxa8 Kf8 32. Bf3 Ke7 33.
Kf1 Kd6 34. Ke2 Nd7 35. Bg2 g5 36. hxg5 hxg5 37. Kd3 f5 38. a4 e5 39. Kc4 e4 40.
Kb5 Kc7 41. g4 fxg4 42. Bxe4 Ne5 43. a5 bxa5 44. bxa5 Nf7 45. Bd5 Nd6+ 46. Kc5 Nf5 47.
a6 Kb8 48. Kb6 1-0

[Event "Early-Titled-Tuesday-Blitz-February-20-2024"]
[Site "Chess.com"]
[Date "2024.02.20"]
[Round "1"]
[White "Elsa167"]
[Black "alpope"]
[Result "1-0"]
[WhiteElo "2890"]
[BlackElo "2495"]
[TimeControl "180+1"]
[EndTime "8:07:02 PST"]
[Termination "Elsa167 won by resignation"]

1. d4 d6 2. e4 Nf6 3. f3 e5 4.
dxe5 dxe5 5. Qxd8+ Kxd8 6. Bc4 Be6 7. Bxe6 fxe6 8. Be3 Bd6 9. Nd2 Ke7 10. Nh3 a6 11. Nf2 Nc6 12. c3 h6 13. Ke2 Nh5 14. g3 Rhf8 15. Nd3 Rf7 16. a4 b6 17. b4 Raf8 18. Rab1 Nf6 19. Rhc1 a5 20. b5 Nd8 21.
c4 Nd7 22. c5 bxc5 23. Nxc5 Nxc5 24. Bxc5 Nb7 25. Be3 Kd7 26. Rc6 Bb4 27. Nc4 Bd6 28. Rd1 Ke7 29. b6 Kf6 30. f4 Nd8 31. fxe5+ Bxe5 32. Rf1+ Ke7 33. Rxf7+ Rxf7 34. Nxe5 Nxc6 35. Nxc6+ Kd6 36. b7 1-0

[Event "Early-Titled-Tuesday-Blitz-February-20-2024"]
[Site "Chess.com"]
[Date "2024.02.20"]
[Round "1"]
[White "AlexTruskavetsky"]
[Black "GrotBchess"]
[Result "1-0"]
[WhiteElo "2713"]
[BlackElo "2381"]
[TimeControl "180+1"]
[EndTime "8:07:02 PST"]
[Termination "AlexTruskavetsky won by resignation"]

1. d4 Nf6 2. c4 g6 3. Nc3 Bg7 4. e4 d6 5. f4 c5 6. d5 Nbd7 7. Nf3 O-O 8. Bd3 a6 9. a4 Re8 10. O-O e5 11. fxe5 Nxe5 12. Nxe5 Rxe5 13. Bf4 Re8 14. e5 Ng4 15. exd6 Bd4+ 16. Kh1 Qh4 17. Bg3 Qh5 18. Ne4 f5 19. Nd2 Re3 20. Nf3 Bf6 21.
Bf4 Re8 22. Qd2 Bd7 23. Rae1 h6 24. Rxe8+ Rxe8 25. Re1 Rxe1+ 26. Qxe1 g5 27. Bd2 f4 28. Bc3 Bxc3 29. bxc3 Ne3 30. Qb1 Bh3 31. Bf1 Nxf1 32. Qxf1 Bg4 33. Nd2 Bd7 34. Qf3 Qg6 35. Qe4 Bf5 36. d7 Bxe4 37. d8=Q+ Kh7 38. Qe7+ Kh8 39. Nxe4 f3 40. Qf8+ Kh7 41. Nf6+ Qxf6 42. Qxf6 fxg2+ 43. Kxg2 1-0

[Event "Early-Titled-Tuesday-Blitz-February-20-2024"]
[Site "Chess.com"]
[Date "2024.02.20"]
[Round "1"]
[White "Zq1"]
[Black "Vaathi_Coming"]
[Result "0-1"]
[WhiteElo "2507"]
[BlackElo "2919"]
[TimeControl "180+1"]
[EndTime "8:07:05 PST"]
[Termination "Vaathi_Coming won by checkmate"]

1. d4 Nf6 2. c4 Nc6 3. Nf3 e6 4. Nc3 Bb4 5. Qc2 d5 6. Bg5 h6 7. Bxf6 Qxf6 8. e3 O-O 9. a3 Bxc3+ 10. Qxc3 Re8 11. cxd5 exd5 12. Bb5 Bh3 13. O-O Qg6 14. Ne1 Bd7 15. Nd3 Nxd4 16. Qxd4 Bxb5 17. Nf4 Qg5 18. Rfc1 c6 19. b3 Re4 20. Qc5 Qe7 21. a4 Ba6 22. b4 Qxc5 23. bxc5 d4 24. Ra3 dxe3 25. fxe3 Rd8 26. Rc2 g5 27. Ne2 Rd1+ 28. Kf2 Kg7 29. a5 Kg6 30. h3 f5 31. Nd4 f4 32. Nf3 Rf1# 0-1

[Event "Early-Titled-Tuesday-Blitz-February-20-2024"]
[Site "Chess.com"]
[Date "2024.02.20"]
[Round "1"]
[White "poummba"]
[Black "Sattarov_Bobur"]
[Result "0-1"]
[WhiteElo "2447"]
[BlackElo "2803"]
[TimeControl "180+1"]
[EndTime "8:07:05 PST"]
[Termination "Sattarov_Bobur won on time"]

1. d4 Nf6 2. c4 c5 3. d5 g6 4. Nc3 Bg7 5. e4 d6 6. Bd3 O-O 7. Nge2 e6 8. O-O exd5 9. cxd5 a6 10. a4 Qc7 11. Ng3 Nbd7 12. f4 c4 13. Bc2 Nc5 14.
h3 Re8 15. Qf3 Nb3 16. Bxb3 Qb6+ 17. Kh1 Qxb3 18. f5 Rf8 19. Bf4 Qb6 20. a5 Qc7 21. Na4 Nd7 22. Nb6 Nxb6 23. axb6 Qxb6 24. f6 Bh8 25.
Bh6 Re8 26. Bg7 Re5 27. Bxh8 Kxh8 28. Qf4 Qd8 29. Qh6 Qg8 30. Rf4 Bd7 31. Rh4 Rc8 32.
Rf1 c3 33. bxc3 Rxc3 34. Nh5 Rxh5 35. Rxh5 gxh5 36. Rb1 b5 37. Ra1 Rc2 38. Rg1 b4 39.
g4 hxg4 40. h4 b3 41. Ra1 b2 42. Rxa6 b1=Q+ 0-1

[Event "Early-Titled-Tuesday-Blitz-February-20-2024"]
[Site "Chess.com"]
[Date "2024.02.20"]
[Round "1"]
[White "TimAina"]
[Black "PavelChernomordik"]
[Result "1-0"]
[WhiteElo "2776"]
[BlackElo "2435"]
[TimeControl "180+1"]
[EndTime "8:07:05 PST"]
[Termination "TimAina won on time"]

1. e4 g6 2. d4 Bg7 3. Nc3 d6 4. Be3 a6 5. Qd2 b5 6. O-O-O Bb7 7.
Bd3 Nd7 8. f4 b4 9. Nce2 Bf6 10.
Nf3 c5 11. e5 Bg7 12. dxc5 dxe5 13. Bc4 Nh6 14. fxe5 Ng4 15. e6 fxe6 16. Bxe6 Ndf6 17.
Qxb4 Qb8 18. Bf4 Qa7 19. Ng5 Nf2 20. Be3 Nxd1 21. Rxd1 Bh6 22. Nd4 Kf8 23. Bb3 Bxg5 24.
Ne6+ Ke8 25. Qa4+ Kf7 26. Nxg5+ Kg7 27. Ne6+ Kf7 28. Nc7+ 1-0

[Event "Early-Titled-Tuesday-Blitz-February-20-2024"]
[Site "Chess.com"]
[Date "2024.02.20"]
[Round "1"]
[White "RamyresCoelho"]
[Black "Huragan007"]
[Result "0-1"]
[WhiteElo "2233"]
[BlackElo "2604"]
[TimeControl "180+1"]
[EndTime "8:07:05 PST"]
[Termination "Huragan007 won by resignation"]

1. e4 c5 2. Nf3 d6 3. d4 cxd4 4. Nxd4 Nf6 5. Nc3 g6 6. f4 Nc6 7.
Nxc6 bxc6 8. e5 dxe5 9. Qxd8+ Kxd8 10. fxe5 Ng4 11. Bf4 Bg7 12. O-O-O+ Bd7 13. Bc4 Bxe5 14. Bxe5 Nxe5 15. Bb3 Kc7 16. Rhe1 f6 17. Ne4 Bg4 18.
Rd4 Rhd8 19. Ra4 Bf5 20. Nc5 Kb6 21. Na6 Rd6 22. c4 Nd3+ 23. Kd2 Nxb2+ 24. Ke3 Nxa4 25. c5+ Nxc5 26. Nxc5 Kxc5 27. Rc1+ Kb6 28. h3 Rad8 29. Bc4 Bd3 30. Bf7 e6 31. Rc3 Rf8 32. Bxe6 Rxe6+ 33. Kxd3 Rd8+ 34. Kc4 Re2 35. a4 Rxg2 36. a5+ Kc7 37.
a6 Rg5 38. Rb3 Rb8 39. Rd3 Rd5 40. Rc3 Kd6 41. h4 Rc5+ 42. Kd4 Rxc3 43. Kxc3 Rb6 44. h5 gxh5 0-1

[Event "Early-Titled-Tuesday-Blitz-February-20-2024"]
[Site "Chess.com"]
[Date "2024.02.20"]
[Round "1"]
[White "Truequitos"]
[Black "Yushko_Olga"]
[Result "0-1"]
[WhiteElo "2569"]
[BlackElo "2205"]
[TimeControl "180+1"]
[EndTime "8:07:06 PST"]
[Termination "Yushko_Olga won on time"]

1. d4 e6 2. e4 d5 3. Nc3 Nf6 4. Bg5 dxe4 5. Nxe4 Be7 6. Bxf6 Bxf6 7. Nf3 O-O 8. Bd3 g6 9. h4 Bg7 10. h5 f5 11.
Neg5 Bxd4 12. Nxh7 Kxh7 13. hxg6+ Kg8 14. g4 Bxb2 15. Rb1 Bc3+ 16. Kf1 b6 17. gxf5 Nc6 18. Qe2 Nd4 19. Qe3 Qf6 20. Qh6 Qg7 21. Qxg7+ Kxg7 22. Rh7+ Kf6 23. Nh2 exf5 24. Rxc7 Ba5 25. Bc4 Be6 26.
Rd1 Bxc4+ 27. Rxc4 Ne6 28. Rc6 Rac8 29. Rdd6 Rxc6 30. Rxc6 Re8 31. Nf3 Kxg6 32. Ne5+ Kf6 33. Nc4 Rd8 34. Nxa5 bxa5 35. Ra6 Rd7 36. Rxa5 Rc7 37.
Ke1 Nd4 38. c3 Nf3+ 39. Ke2 Ne5 40. Kd2 Nc4+ 0-1

[Event "Early-Titled-Tuesday-Blitz-February-20-2024"]
[Site "Chess.com"]
[Date "2024.02.20"]
[Round "1"]
[White "Yeritsyaan"]
[Black "Sofia_Blokhin"]
[Result "1-0"]
[WhiteElo "2613"]
[BlackElo "2252"]
[TimeControl "180+1"]
[EndTime "8:07:07 PST"]
[Termination "Yeritsyaan won by resignation"]

1. Nf3 Nf6 2. b3 g6 3. Bb2 Bg7 4. e3 d6 5. c4 e5 6. d4 exd4 7.
Nxd4 O-O 8. Be2 Nc6 9. Nxc6 bxc6 10.
O-O c5 11. Bf3 Rb8 12. Nc3 Be6 13. Qd2 Qe7 14. Rad1 Rfd8 15. h3 h5 16. Nd5 Bxd5 17. cxd5 Bh6 18. Qc2 Re8 19. Rfe1 Nd7 20. Be2 Qh4 21.
Bf1 Ne5 22. f4 Nd7 23. Qc3 f6 24. Qc2 Qg3 25. Qf2 Qxf2+ 26. Kxf2 Kf7 27. g4 hxg4 28. hxg4 f5 29. g5 Bg7 30. Bxg7 Kxg7 31. Bc4 Re7 32. Rh1 Rh8 33. Rxh8 Kxh8 34. Rh1+ Rh7 35. Rxh7+ Kxh7 36.
e4 fxe4 37. Ke3 Kg7 38. Kxe4 Nb6 39. Bb5 Nc8 40. Bd7 Ne7 41. Be6 Kf8 42. Kd3 Kg7 43. Kc4 a6 44. a4 Kf8 45. a5 Kg7 46. Kd3 Kf8 47. Ke3 Kg7 48. Ke4 Kf8 49. Bg4 Kg7 50.
Be2 Kf8 51. Bxa6 Ke8 52. Bb7 Nf5 53. a6 Nd4 54. a7 1-0

[Event "Early-Titled-Tuesday-Blitz-February-20-2024"]
[Site "Chess.com"]
[Date "2024.02.20"]
[Round "1"]
[White "AlexeiShirov"]
[Black "Cambek64"]
[Result "1-0"]
[WhiteElo "2853"]
[BlackElo "2476"]
[TimeControl "180+1"]
[EndTime "8:07:08 PST"]
[Termination "AlexeiShirov won on time"]

1. e4 e6 2. d4 d5 3. e5 c5 4. c3 b6 5. h4 Qd7 6. h5 h6 7. Nh3 Ba6 8. Bxa6 Nxa6 9. O-O Ne7 10. Nd2 cxd4 11. cxd4 Nb4 12. a3 Nbc6 13. Nf3 g6 14. hxg6 fxg6 15. Nf4 Bg7 16. Qd3 Kf7 17. Bd2 g5 18.
Nh5 Qc8 19. Rac1 Qg8 20. Rc3 Qh7 21. Qxh7 Rxh7 22. Rfc1 Rc8 23. Bxg5 hxg5 24. Nxg5+ Kg6 25. Nxh7 Kxh5 26. Nf6+ Kg6 27. f4 a6 28. Kf2 Bxf6 29. exf6 Kxf6 30. g4 Na7 31. Rc7 Rxc7 32. Rxc7 Nb5 33. Rb7 Nxd4 34. Rxb6 1-0

[Event "Early-Titled-Tuesday-Blitz-February-20-2024"]
[Site "Chess.com"]
[Date "2024.02.20"]
[Round "1"]
[White "vladgoncharov"]
[Black "Supergiuly"]
[Result "1-0"]
[WhiteElo "2646"]
[BlackElo "2307"]
[TimeControl "180+1"]
[EndTime "8:07:09 PST"]
[Termination "vladgoncharov won by resignation"]

1. d4 d5 2. c4 e6 3. Nc3 c6 4. e3 Nf6 5. Nf3 Nbd7 6. Bd3 dxc4 7. Bxc4 a6 8. a4 Bb4 9. O-O O-O 10. Qe2 Rb8 11. e4 c5 12. e5 Bxc3 13.
exf6 Bxd4 14. Nxd4 cxd4 15. fxg7 Kxg7 16. Qg4+ Kh8 17. Qxd4+ Qf6 18. Qxf6+ Nxf6 19. Bf4 Ra8 20. Be5 Kg7 21. Rfd1 b5 22. axb5 Bb7 23. bxa6 Be4 24. Ra3 Rfc8 25. Rg3+ Bg6 26. b3 Rc5 27. Re1 Rd8 28.
h3 h5 29. Rf3 Rxe5 30. Rxe5 Ne4 31. a7 Nd2 32. Rf4 Ra8 33. Ra5 e5 34. Rf3 Be4 35. Re3 Bb7 36. Rexe5 Rd8 37. Bd5 Ba8 38. Bxa8 Rxa8 39. Reb5 Ne4 40. Rb8 1-0

[Event "Early-Titled-Tuesday-Blitz-February-20-2024"]
[Site "Chess.com"]
[Date "2024.02.20"]
[Round "1"]
[White "Bilan_Danila"]
[Black "Iball95"]
[Result "0-1"]
[WhiteElo "2499"]
[BlackElo "2896"]
[TimeControl "180+1"]
[EndTime "8:07:10 PST"]
[Termination "Iball95 won by resignation"]

1. d4 d5 2. Nf3 Nf6 3. c4 e6 4. Nc3 c5 5. cxd5 cxd4 6. Qxd4 Nxd5 7. Nxd5 exd5 8. e3 Nc6 9. Qa4 Bb4+ 10. Bd2 Bxd2+ 11. Nxd2 O-O 12. Bb5 d4 13. e4 Qg5 14.
g3 Bd7 15. f4 Qc5 16. O-O d3+ 17. Rf2 a6 18. Bxc6 Bxc6 19. Qc4 Qe3 20. Rd1 Rad8 21.
Nf1 Qxe4 22. Qxe4 Bxe4 23. Nd2 f5 24. Re1 Rfe8 25. Nf1 Kf7 26. Rd2 g6 27. Kf2 b5 28.
Ne3 Rc8 29. Nd1 b4 30. Ne3 Rc5 31. b3 Rc3 32. Nc4 Rd8 33. Ke3 Kf6 34. Ne5 a5 35. Red1 g5 36. h4 gxf4+ 37. gxf4 Rg8 38. Nxd3 Rg4 39. Kd4 Bxd3 40. Rxd3 Rxf4+ 41. Kd5 Rxd3+ 42. Rxd3 Rxh4 43. Rd2 Re4 44. Kc5 f4 45. Kd5 Re5+ 46. Kd4 Re7 47. Rh2 Kg5 0-1

[Event "Early-Titled-Tuesday-Blitz-February-20-2024"]
[Site "Chess.com"]
[Date "2024.02.20"]
[Round "1"]
[White "MyDream003"]
[Black "annamaja"]
[Result "1-0"]
[WhiteElo "2733"]
[BlackElo "2397"]
[TimeControl "180+1"]
[EndTime "8:07:10 PST"]
[Termination "MyDream003 won on time"]

1. Nf3 Nf6 2. b3 d5 3. Bb2 c6 4. e3 g6 5. c4 Bg7 6. Be2 O-O 7. O-O Nbd7 8. d4 Ne4 9. Nc3 Nxc3 10. Bxc3 Re8 11.
cxd5 cxd5 12. Rc1 Qb6 13. Qd2 Nf6 14. Ba5 Qd6 15. Bb4 Qd8 16. Bd3 Ne4 17. Qb2 Bd7 18.
Ne5 Bxe5 19. dxe5 Qb6 20. Qa3 Qe6 21. f3 Ng5 22. Qb2 Qb6 23. Bc5 Qd8 24. Bd4 Ne6 25.
Bc3 Qb6 26. Qf2 Rac8 27. Bb2 Nc5 28. Bb1 Bb5 29. Rfd1 e6 30. Bd4 Bd7 31. Qb2 Qb4 32.
h4 b6 33. h5 Qb5 34. Qf2 Na6 35. h6 Rxc1 36. Rxc1 Rc8 37. Rd1 Qb4 38. Bd3 1-0

[Event "Early-Titled-Tuesday-Blitz-February-20-2024"]
[Site "Chess.com"]
[Date "2024.02.20"]
[Round "1"]
[White "GameOverBro"]
[Black "ChessLover0108"]
[Result "0-1"]
[WhiteElo "2514"]
[BlackElo "2963"]
[TimeControl "180+1"]
[EndTime "8:07:11 PST"]
[Termination "ChessLover0108 won by checkmate"]

1. e4 c5 2. Ne2 Nc6 3. Nbc3 d6 4. g3 g6 5. d4 cxd4 6. Nxd4 Bg7 7. Nde2 Nf6 8. Bg2 O-O 9. O-O Bd7 10. a4 Rc8 11.
Nd5 Nxd5 12. exd5 Na5 13. Ra2 Qb6 14. b3 Qc7 15. Be3 a6 16. Nd4 Qc3 17. Ne2 Qb4 18.
Bd2 Qb6 19. Be3 Qc7 20. Re1 Rfe8 21. h3 b6 22. Qd2 Nb7 23. c4 Nc5 24. Qd1 e5 25.
dxe6 Bxe6 26. Nd4 Bd7 27. Rae2 Ne4 28. Qd3 Nc5 29. Qb1 d5 30. cxd5 Rxe3 31. fxe3 Qxg3 32. Rf1 Re8 33. Rf3 Qg5 34. Nc6 Qxd5 35. Nb4 Qg5 36. e4 Be6 37. Qf1 Nxb3 38. Nd5 Nd4 39. Nxb6 Nxe2+ 40. Qxe2 Bd4+ 41. Kh1 Bxb6 42. e5 Bd5 43.
Rg3 Qxg3 44. Bxd5 Qg1# 0-1

[Event "Early-Titled-Tuesday-Blitz-February-20-2024"]
[Site "Chess.com"]
[Date "2024.02.20"]
[Round "1"]
[White "wqws"]
[Black "jimmy-schlumpf"]
[Result "1-0"]
[WhiteElo "2679"]
[BlackElo "2341"]
[TimeControl "180+1"]
[EndTime "8:07:11 PST"]
[Termination "wqws won by resignation"]

1. e4 Nf6 2. e5 Nd5 3. Nf3 d6 4. d4 g6 5. c4 Nb6 6. exd6 cxd6 7.
Nc3 Bg7 8. Be3 O-O 9. h3 Nc6 10. Rc1 Bf5 11. b3 e5 12. Be2 exd4 13. Nxd4 Nxd4 14.
Bxd4 Re8 15. Bxg7 Kxg7 16. Qd4+ Qf6 17. Qxf6+ Kxf6 18. O-O Rad8 19. Bf3 Re7 20. Rfd1 Kg7 21. c5 Nc8 22. Nd5 Red7 23. c6 bxc6 24. Rxc6 Be6 25. Ra6 Bxd5 26. Bxd5 Nb6 27. Bf3 d5 28. Rd4 Kf6 29. a4 Ke5 30. Rd1 d4 31. Ra5+ Kf6 32.
Rc5 h5 33. a5 Nc8 34. Rd3 Ne7 35. b4 a6 36. b5 axb5 37. a6 Nf5 38. Rxb5 Ra7 39.
Bb7 Rd7 40. g4 hxg4 41. hxg4 Nd6 42. Rxd4 Nxb5 43. Rxd7 g5 44. Kf1 Ke6 45. Rd8 Nd6 46. Rb8 Kd7 47. Ke2 Kc7 48. Rf8 Nxb7 49. Rxf7+ Kc6 50.
axb7 Rxb7 51. Rxb7 Kxb7 52. Ke3 1-0